General information
- name: BNet
- type: Ladder team game (AT/RT)
- host: Battle.net
- saver: WesFSTGDB
map: FullScaleAssault
- players: 8
- length: 19:00
- speed: Fast
- version: 1.25 W3XP
- replay type: Public
» download(187 KB)
Players
team 1 (winner)
WesFSTGDB (
yellow | 97 APM | 1851 actions | 19:00)
4 Death Knight
2 Death Coil
2 Unholy Aura
3 Dark Ranger
1 Black Arrow
2 Silence
» actions
| Assign group hotkey | 18 | |
| Basic commands | 414 | |
| Build / train | 53 | |
| Enter build submenu | 21 | |
| Enter hero's abilities submenu | 7 | |
| Give item / drop item | 6 | |
| Right click | 670 | |
| Select / deselect | 329 | |
| Select group hotkey | 269 | |
| Use ability | 62 | |
1851 total
» units
| Acolyte | 7 | |
| Ghoul | 3 | |
| Crypt Fiend | 4 | |
| Frost Wyrm | 6 | |
20 total
» upgrades
| Web | 1 | |
| Creature Attack | 3 | |
| Creature Carapace | 3 | |
7 total
» buildings
| Graveyard | 1 | |
| Crypt | 1 | |
| Ziggurat | 10 | |
| Altar of Darkness | 1 | |
| Tomb of Relics | 1 | |
| Halls of the Dead | 2 | |
| Necropolis | 1 | |
| Black Citadel | 1 | |
| Sacrificial Pit | 1 | |
| Boneyard | 2 | |
| Spirit Tower | 1 | |
22 total
» build order
00:08 Graveyard
00:26 Crypt
00:41 Ziggurat
00:59 Altar of Darkness
01:20 Tomb of Relics
01:54 Ziggurat
02:26 Ziggurat
03:58 Halls of the Dead
03:59 Halls of the Dead
05:34 Necropolis
06:25 Black Citadel
07:43 Sacrificial Pit
07:49 Ziggurat
08:14 Ziggurat
08:17 Ziggurat
09:07 Boneyard
09:11 Boneyard
11:07 Spirit Tower
14:43 Ziggurat
18:48 Ziggurat
18:49 Ziggurat
18:50 Ziggurat
» items
| Rod of Necromancy | 1 | |
| Orb of Corruption | 1 | |
| Scroll of Healing | 1 | |
| Potion of Healing | 1 | |
| Scroll of Town Portal | 1 | |
| Scroll of Protection | 1 | |
| Boots of Speed | 1 | |
7 total
999RoCcO (
blue | 93 APM | 1759 actions | 19:00)
5 Death Knight
2 Death Coil
3 Unholy Aura
2 Lich
1 Frost Nova
1 Dark Ritual
2 Dreadlord
1 Sleep
1 Vampiric Aura
» actions
| Assign group hotkey | 21 | |
| Basic commands | 156 | |
| Build / train | 89 | |
| ESC pressed | 2 | |
| Enter build submenu | 23 | |
| Enter hero's abilities submenu | 10 | |
| Give item / drop item | 6 | |
| Right click | 390 | |
| Select / deselect | 555 | |
| Select group hotkey | 417 | |
| Use ability | 90 | |
1759 total
» units
| Acolyte | 14 | |
| Ghoul | 3 | |
| Crypt Fiend | 13 | |
| Goblin Shredder | 4 | |
| Goblin Zeppelin | 2 | |
| Frost Wyrm | 8 | |
44 total
» upgrades
| Creature Attack | 3 | |
| Creature Carapace | 3 | |
| Web | 1 | |
7 total
» buildings
| Crypt | 1 | |
| Graveyard | 1 | |
| Altar of Darkness | 1 | |
| Ziggurat | 7 | |
| Tomb of Relics | 2 | |
| Necropolis | 2 | |
| Nerubian Tower | 3 | |
| Halls of the Dead | 2 | |
| Spirit Tower | 4 | |
| Black Citadel | 2 | |
| Sacrificial Pit | 1 | |
| Boneyard | 4 | |
30 total
» build order
00:19 Crypt
00:26 Graveyard
00:52 Altar of Darkness
01:08 Ziggurat
01:54 Tomb of Relics
02:13 Ziggurat
04:17 Necropolis
04:31 Ziggurat
05:10 Ziggurat
05:33 Nerubian Tower
05:33 Nerubian Tower
06:21 Halls of the Dead
06:21 Halls of the Dead
07:04 Spirit Tower
07:04 Spirit Tower
07:06 Ziggurat
07:09 Tomb of Relics
07:11 Ziggurat
08:57 Black Citadel
08:58 Black Citadel
09:01 Sacrificial Pit
09:32 Spirit Tower
09:33 Nerubian Tower
10:22 Necropolis
11:30 Boneyard
11:33 Boneyard
11:35 Boneyard
11:41 Boneyard
15:18 Ziggurat
» items
| Rod of Necromancy | 2 | |
| Sacrificial Skull | 1 | |
| Potion of Healing | 1 | |
| Orb of Corruption | 1 | |
| Scroll of Town Portal | 1 | |
| Scroll of Protection | 1 | |
7 total

»
GeraldoAlckmin (
teal | 84 APM | 1604 actions | 19:00)
4 Archmage
2 Summon Water Elemental
1 Brilliance Aura
1 Blizzard
3 Mountain King
2 Storm Bolt
1 Bash
2 Paladin
1 Holy Light
1 Divine Shield
» actions
| Assign group hotkey | 28 | |
| Basic commands | 53 | |
| Build / train | 80 | |
| Enter build submenu | 34 | |
| Enter hero's abilities submenu | 9 | |
| Give item / drop item | 5 | |
| Remove unit from queue | 1 | |
| Right click | 542 | |
| Select / deselect | 351 | |
| Select group hotkey | 423 | |
| Use ability | 78 | |
1604 total
» units
| Peasant | 13 | |
| Footman | 7 | |
| Goblin Shredder | 1 | |
| Siege Engine | 10 | |
31 total
» upgrades
| Defend | 1 | |
| Lumber Harvesting | 2 | |
| Plating | 3 | |
| Swords | 1 | |
| Barrage | 1 | |
| Gunpowder | 3 | |
| Flare | 1 | |
| Fragmentation Shards | 1 | |
| Masonry | 1 | |
14 total
» buildings
| Farm | 11 | |
| Altar of Kings | 1 | |
| Barracks | 1 | |
| Scout Tower | 11 | |
| Keep | 1 | |
| Arcane Tower | 1 | |
| Lumber Mill | 1 | |
| Town Hall | 1 | |
| Guard Tower | 8 | |
| Castle | 1 | |
| Blacksmith | 1 | |
| Workshop | 3 | |
41 total
» build order
00:07 Farm
00:10 Altar of Kings
00:17 Barracks
01:22 Farm
01:53 Farm
02:06 Scout Tower
02:44 Keep
03:46 Arcane Tower
04:25 Lumber Mill
05:09 Farm
05:14 Scout Tower
05:28 Scout Tower
05:39 Town Hall
05:40 Guard Tower
06:53 Castle
07:04 Blacksmith
07:29 Guard Tower
08:09 Farm
09:19 Workshop
09:20 Workshop
09:27 Farm
09:28 Farm
09:34 Scout Tower
10:13 Farm
10:14 Farm
10:32 Farm
10:33 Farm
10:58 Workshop
16:01 Scout Tower
16:02 Scout Tower
16:30 Scout Tower
16:31 Guard Tower
16:35 Guard Tower
16:36 Scout Tower
16:37 Guard Tower
16:38 Scout Tower
17:03 Guard Tower
17:04 Scout Tower
17:11 Guard Tower
18:37 Guard Tower
18:50 Scout Tower
» items
| Scroll of Protection | 1 | |
| Potion of Lesser Invulnerability | 2 | |
| Boots of Speed | 1 | |
| Tome of Retraining | 1 | |
| Staff of Teleportation | 1 | |
| Potion of Invisibility | 1 | |
| Scroll of Town Portal | 1 | |
8 total
madmilitia (
red | 108 APM | 2060 actions | 19:00)
6 Archmage
2 Summon Water Elemental
3 Brilliance Aura
1 Blizzard
2 Blood Mage
1 Flame Strike
1 Siphon Mana
1 Paladin
1 Holy Light
» actions
| Assign group hotkey | 90 | |
| Basic commands | 115 | |
| Build / train | 101 | |
| ESC pressed | 4 | |
| Enter build submenu | 27 | |
| Enter hero's abilities submenu | 9 | |
| Remove unit from queue | 10 | |
| Right click | 901 | |
| Select / deselect | 310 | |
| Select group hotkey | 406 | |
| Use ability | 87 | |
2060 total
» units
| Peasant | 12 | |
| Footman | 9 | |
| Priest | 1 | |
| Sorceress | 5 | |
| Spell Breaker | 3 | |
| Goblin Zeppelin | 1 | |
31 total
» upgrades
| Masonry | 2 | |
| Lumber Harvesting | 2 | |
| Priest Training | 2 | |
| Sorceress Training | 3 | |
9 total
» buildings
| Altar of Kings | 1 | |
| Farm | 11 | |
| Barracks | 1 | |
| Scout Tower | 5 | |
| Arcane Tower | 4 | |
| Lumber Mill | 1 | |
| Town Hall | 1 | |
| Arcane Vault | 2 | |
| Guard Tower | 4 | |
| Keep | 5 | |
| Blacksmith | 1 | |
| Castle | 1 | |
| Arcane Sanctum | 3 | |
40 total
» build order
00:08 Altar of Kings
00:24 Farm
00:27 Barracks
01:04 Farm
01:35 Farm
01:42 Scout Tower
02:09 Arcane Tower
02:09 Arcane Tower
02:09 Arcane Tower
03:50 Lumber Mill
04:34 Town Hall
04:36 Scout Tower
04:39 Scout Tower
04:39 Scout Tower
04:40 Scout Tower
04:47 Arcane Vault
04:51 Arcane Vault
05:04 Guard Tower
05:04 Guard Tower
05:14 Arcane Tower
05:15 Guard Tower
06:20 Guard Tower
06:33 Keep
06:33 Keep
06:33 Keep
08:03 Blacksmith
08:57 Castle
09:04 Arcane Sanctum
10:23 Arcane Sanctum
13:56 Farm
14:04 Farm
14:06 Farm
14:07 Farm
14:11 Farm
14:11 Farm
14:30 Arcane Sanctum
16:54 Farm
16:56 Farm
» items
| Scroll of Regeneration | 3 | |
| Lesser Clarity Potion | 3 | |
| Mechanical Critter | 3 | |
| Scroll of Town Portal | 3 | |
| Tome of Retraining | 1 | |
| Potion of Lesser Invulnerability | 3 | |
| Potion of Invisibility | 1 | |
| Periapt of Vitality | 1 | |
| Scroll of Healing | 3 | |
| Staff of Teleportation | 1 | |
| Boots of Speed | 1 | |
23 total
team 2 (loser)
fLipZ[ (
green | 96 APM | 1802 actions | 18:43)
2 Death Knight
1 Death Coil
1 Death Pact
2 Pit Lord
1 Rain of Fire
1 Howl of Terror
2 Dreadlord
1 Sleep
1 Carrion Swarm
» actions
| Assign group hotkey | 27 | |
| Basic commands | 337 | |
| Build / train | 43 | |
| Enter build submenu | 12 | |
| Enter hero's abilities submenu | 7 | |
| Remove unit from queue | 2 | |
| Right click | 681 | |
| Select / deselect | 124 | |
| Select group hotkey | 541 | |
| Use ability | 28 | |
1802 total
» units
| Acolyte | 2 | |
| Ghoul | 4 | |
| Crypt Fiend | 3 | |
| Gargoyle | 7 | |
| Frost Wyrm | 3 | |
19 total
» upgrades
» buildings
| Crypt | 1 | |
| Graveyard | 1 | |
| Altar of Darkness | 1 | |
| Ziggurat | 6 | |
| Halls of the Dead | 3 | |
| Tomb of Relics | 1 | |
| Black Citadel | 3 | |
| Sacrificial Pit | 1 | |
| Nerubian Tower | 3 | |
| Boneyard | 1 | |
21 total
» build order
04:36 Crypt
04:50 Graveyard
05:12 Altar of Darkness
05:32 Ziggurat
06:18 Halls of the Dead
06:19 Halls of the Dead
06:19 Halls of the Dead
06:46 Ziggurat
07:26 Tomb of Relics
07:31 Ziggurat
09:15 Black Citadel
09:15 Black Citadel
10:11 Sacrificial Pit
11:22 Nerubian Tower
11:22 Nerubian Tower
11:22 Nerubian Tower
11:49 Boneyard
12:01 Ziggurat
12:02 Ziggurat
14:32 Ziggurat

»
MaTiX- (
orange | 66 APM | 1243 actions | 18:48)
3 Archmage
2 Summon Water Elemental
1 Brilliance Aura
2 Mountain King
1 Storm Bolt
1 Bash
1 Paladin
1 Holy Light
» actions
| Assign group hotkey | 18 | |
| Build / train | 65 | |
| Enter build submenu | 26 | |
| Enter hero's abilities submenu | 6 | |
| Right click | 486 | |
| Select / deselect | 414 | |
| Select group hotkey | 174 | |
| Use ability | 54 | |
1243 total
» units
| Peasant | 26 | |
| Footman | 5 | |
| Siege Engine | 2 | |
| Goblin Shredder | 1 | |
| Mortar Team | 1 | |
35 total
» upgrades
| Masonry | 3 | |
| Lumber Harvesting | 2 | |
| Flare | 1 | |
| Swords | 1 | |
| Plating | 2 | |
| Barrage | 1 | |
| Fragmentation Shards | 1 | |
| Gunpowder | 1 | |
12 total
» buildings
| Altar of Kings | 1 | |
| Farm | 10 | |
| Barracks | 1 | |
| Lumber Mill | 1 | |
| Arcane Vault | 1 | |
| Town Hall | 1 | |
| Keep | 1 | |
| Blacksmith | 1 | |
| Castle | 1 | |
| Workshop | 4 | |
| Scout Tower | 6 | |
| Arcane Tower | 2 | |
| Guard Tower | 3 | |
33 total
» build order
00:22 Altar of Kings
00:24 Farm
01:06 Barracks
01:18 Farm
01:35 Lumber Mill
02:04 Farm
02:45 Farm
03:56 Arcane Vault
05:00 Town Hall
05:06 Keep
05:08 Farm
05:51 Farm
06:32 Blacksmith
07:36 Castle
07:52 Workshop
07:58 Workshop
09:09 Workshop
09:12 Workshop
09:40 Farm
09:43 Farm
09:48 Farm
10:37 Farm
13:12 Scout Tower
13:20 Scout Tower
13:24 Scout Tower
13:34 Scout Tower
14:12 Arcane Tower
14:33 Arcane Tower
14:34 Guard Tower
14:49 Guard Tower
15:55 Scout Tower
15:57 Scout Tower
16:37 Guard Tower
» items
NoRushNoHarras (
pink | 126 APM | 2394 actions | 18:59)
4 Death Knight
2 Death Coil
2 Unholy Aura
3 Dreadlord
1 Vampiric Aura
2 Sleep
» actions
| Assign group hotkey | 21 | |
| Basic commands | 213 | |
| Build / train | 85 | |
| ESC pressed | 3 | |
| Enter build submenu | 18 | |
| Enter hero's abilities submenu | 7 | |
| Give item / drop item | 2 | |
| Right click | 1069 | |
| Select / deselect | 259 | |
| Select group hotkey | 612 | |
| Use ability | 105 | |
2394 total
» units
| Acolyte | 10 | |
| Ghoul | 19 | |
| Frost Wyrm | 5 | |
| Obsidian Statue | 1 | |
35 total
» upgrades
| Cannibalize | 1 | |
| Unholy Strength | 1 | |
| Ghoul Frenzy | 1 | |
| Creature Attack | 2 | |
| Creature Carapace | 2 | |
7 total
» buildings
| Crypt | 1 | |
| Altar of Darkness | 1 | |
| Ziggurat | 6 | |
| Halls of the Dead | 4 | |
| Tomb of Relics | 1 | |
| Graveyard | 1 | |
| Black Citadel | 3 | |
| Sacrificial Pit | 1 | |
| Boneyard | 3 | |
| Slaughterhouse | 1 | |
| Necropolis | 1 | |
23 total
» build order
00:07 Crypt
00:11 Altar of Darkness
00:26 Ziggurat
02:18 Halls of the Dead
02:18 Halls of the Dead
02:28 Ziggurat
02:40 Tomb of Relics
03:03 Graveyard
03:35 Ziggurat
04:02 Ziggurat
05:26 Black Citadel
06:44 Ziggurat
06:48 Sacrificial Pit
08:13 Boneyard
09:56 Boneyard
09:58 Boneyard
13:46 Slaughterhouse
13:48 Ziggurat
14:05 Necropolis
» items
| Rod of Necromancy | 5 | |
| Scroll of Healing | 4 | |
| Orb of Corruption | 1 | |
| Scroll of Town Portal | 1 | |
| Potion of Healing | 1 | |
12 total

»
DreadKnight187 (
purple | 32 APM | 589 actions | 18:36)
4 Priestess of the Moon
2 Searing Arrows
2 Trueshot Aura
2 Naga Sea Witch
1 Frost Arrows
1 Forked Lightning
» actions
| Basic commands | 18 | |
| Build / train | 51 | |
| Enter build submenu | 18 | |
| Enter hero's abilities submenu | 6 | |
| Give item / drop item | 2 | |
| Right click | 233 | |
| Select / deselect | 228 | |
| Use ability | 33 | |
589 total
» units
| Wisp | 14 | |
| Archer | 8 | |
| Hippogryph | 6 | |
| Goblin Shredder | 1 | |
| Chimaera | 4 | |
33 total
» upgrades
| Reinforced Hides | 3 | |
| Strength of the Wild | 1 | |
| Corrosive Breath | 1 | |
| Nature's Blessing | 1 | |
6 total
» buildings
| Moon Well | 5 | |
| Altar of Elders | 1 | |
| Ancient of War | 1 | |
| Tree of Ages | 1 | |
| Hunter's Hall | 1 | |
| Tree of Eternity | 1 | |
| Ancient of Wind | 1 | |
| Chimaera Roost | 3 | |
| Tree of Life | 2 | |
16 total
» build order
00:21 Moon Well
00:24 Altar of Elders
00:34 Ancient of War
01:39 Moon Well
01:59 Moon Well
02:56 Tree of Ages
04:14 Hunter's Hall
05:20 Tree of Eternity
05:24 Ancient of Wind
07:55 Chimaera Roost
08:40 Chimaera Roost
08:42 Chimaera Roost
08:52 Tree of Life
10:06 Moon Well
10:09 Moon Well
15:27 Tree of Life
» items
| Boots of Speed | 1 | |
| Orb of Corruption | 1 | |
2 total
Chat log
(00:14 / Allies) 999RoCcO: hi
(00:17 / Allies) madmilitia: hi
(00:29 / Allies) 999RoCcO: hi
(00:37 / Allies) 999RoCcO: me dk spider 2 expo!! frost!!
(00:37 / Allies) 999RoCcO: cc
(02:39 / Allies) 999RoCcO: gold 100 plz!
(02:43 / Allies) 999RoCcO: omg
(02:44 / Allies) 999RoCcO: u
(02:45 / Allies) 999RoCcO: here
(02:49 / Allies) 999RoCcO: nigga
(02:50 / Allies) 999RoCcO: f12
(03:08 / Allies) madmilitia: expo then
(03:15 / Allies) WesFSTGDB: let red have it
(03:25 / Allies) GeraldoAlckmin: get here fuck
(05:54 / All) MaTiX-: tanks melee here
(05:59 / All) WesFSTGDB: nice
(06:07 / All) MaTiX-: ah damn
(06:12 / All) MaTiX-: always fdo that :(
(07:18 / Allies) WesFSTGDB: chims
(08:03 / Allies) WesFSTGDB: lol ghouls
(08:05 / Allies) WesFSTGDB: gotta be kidding
(08:44 / Allies) WesFSTGDB: come rocco
(08:49 / Allies) 999RoCcO: k
(08:55 / Allies) WesFSTGDB: go tier 3?
(09:04 / Allies) 999RoCcO: no exe
(12:07 / Allies) WesFSTGDB: teal come with me
(13:35 / Allies) madmilitia: lumber?
(13:58 / Allies) madmilitia: ty
(14:13 / All) WesFSTGDB: those were illusions btw
(14:23 / Allies) WesFSTGDB: meet
(14:26 / Allies) WesFSTGDB: raped all of oranges hereos
(16:12 / Allies) 999RoCcO: gold plz1
(16:25 / Allies) WesFSTGDB: tping
(16:30 / Allies) 999RoCcO: tp
(16:32 / Allies) WesFSTGDB: go nwo
(17:08 / Allies) WesFSTGDB: gather this will be a swift rape
(17:28 / Allies) 999RoCcO: mele first
(17:30 / Allies) WesFSTGDB: walk go
(17:42 / Allies) 999RoCcO: gg no mele :s